cohdb
Replays
Latest Replays
All Replays
Popular Replays
Top Player Replays
Match Explorer
How It Works
Community
CoH3 Stats
Reddit
Sign in to upload your games and track your stats! →
Sign in with Steam
Match 43194682
Unlisted
Match 43194682
Overview
Messages
Build Orders
End
Vickers Machine Gun Team
Construct Section Command Post
Infantry Section
Selects Heavy Armor Battlegroup
Infantry Section
Grenade Package
Construct Field Infirmary
Infantry Section
Construct Platoon Command Post
CMP 15cwt Truck
Selects Light Vehicle Withdraw and Refit
Selects Engineer Detachments
Selects Forward Repair Assembly
Royal Engineer Section
Construct Company Command Post
Construct Company Command Post
Selects UNKNOWN (202330)
ßoo
[KOR]Mix
WANQUEL
tugaLeek
Janci
AlexOl(ES)
mikarl
frank887244
0
0
Comments
sign in to comment!
No comments posted yet!